 Dungeon Crawl Stone Soup version 0.24.0-1-gfbc8707 (webtiles) character file.

Game seed: 2171382707740668574, levelgen mode: deterministic

138 Faca the Poker (level 5, 0/41 HPs)
             Began as a Merfolk Necromancer on Nov 8, 2019.
             Slain by a worker ant (6 damage)
             ... on level 3 of the Dungeon.
             The game lasted 00:07:12 (3192 turns).

Faca the Poker (Merfolk Necromancer)                Turns: 3192, Time: 00:07:13

Health: 0/41       AC:  7    Str: 10    XL:     5   Next: 21%
Magic:  8/8        EV: 11    Int: 14    God:
Gold:   124        SH:  0    Dex: 14    Spells: 7/8 levels left

rFire    . . .     SeeInvis .   i - +0 spear
rCold    . . .     Gourm    .   (no shield)
rNeg     . . .     Faith    .   e - +0 ring mail
rPois    .         Spirit   .   m - +1 helmet
rElec    .         Reflect  .   (no cloak)
rCorr    .         Harm     .   (no gloves)
MR       +....                  (no boots)
Stlth    ..........             (no amulet)
HPRegen  0.13/turn              p - ring of protection from magic
MPRegen  0.11/turn              (no ring)

@: confused, lethally poisoned (0 -> -5), very slightly contaminated, invisible
A: change form in water, swift swim, stealthy swim
a: no special abilities


You were on level 3 of the Dungeon.
You were hungry.

You visited 1 branch of the dungeon, and saw 3 of its levels.

You collected 124 gold pieces.

Inventory:

Hand Weapons
 i - a +0 spear (weapon)
Armour
 e - a +0 ring mail (worn)
 k - a +0 scale mail
 m - a +1 helmet (worn)
Jewellery
 p - a ring of protection from magic (left hand)
Scrolls
 b - a scroll of blinking
 g - 2 scrolls of teleportation
Potions
 d - 2 potions of resistance
 j - a potion of berserk rage {unknown}
Comestibles
 c - 6 rations


   Skills:
 + Level 3.5 Fighting
 + Level 4.1 Polearms
 - Level 3.3 Dodging
 - Level 2.1 Stealth
 - Level 2.0 Spellcasting
 - Level 3.2 Necromancy


You had 7 spell levels left.
You knew the following spells:

 Your Spells              Type           Power        Failure   Level  Hunger
a - Pain                  Necr           ##..         16%         1    ##.....

Your spell library contained the following spells:

 Spells                   Type           Power        Failure   Level  Hunger
 Animate Skeleton         Necr           N/A          16%         1    ##.....
 Vampiric Draining        Necr           ##........   43%         3    ####...
 Regeneration             Chrm/Necr      #.........   67%         3    ####...
 Animate Dead             Necr           N/A          85%         4    #####..


Dungeon Overview and Level Annotations

Branches:
Dungeon (3/15)

Altars:


Message History

The worker ant poisons you!
* * * LOW HITPOINT WARNING * * *
You feel sick.
Found a fuming yellow potion.
* * * LOW HITPOINT WARNING * * *
You feel sick.
* * * LOW HITPOINT WARNING * * *
You feel sick.
It was a potion of invisibility.
You fade into invisibility!
The worker ant barely misses you. The worker ant bites you.
* * * LOW HITPOINT WARNING * * *
You are very lightly contaminated with residual magic.
* * * LOW HITPOINT WARNING * * *
You feel sick.
The worker ant waves its antennae.
It was a potion of ambrosia.
You are confused.
You feel invigorated.
You feel sick. The worker ant bites you.
You die...

.........<...>...
###.###.##.#####.#
.....#........#
####.#....#.###.#
..........#...
#####.#..#######
................
#....?...#######.#.
..........a@...!...
.........#######.#.
#........#
#........#
#........#
#........#
#....(...#
#........#
#........#


You could see a worker ant.

Vanquished Creatures
  Robin (D:1)
  5 adders
  3 oozes (D:1)
  3 worms
  A dart slug (D:2)
  A leopard gecko (D:1)
  A giant cockroach (D:1)
  13 goblins
  10 hobgoblins
  9 kobolds
  4 bats
  3 frilled lizards
  5 rats
59 creatures vanquished.

Notes
Turn   | Place    | Note
-------+----------+-------------------------------------------
     0 | D:1      | Faca the Merfolk Necromancer began the quest for the Orb.
     0 | D:1      | Reached XP level 1. HP: 13/13 MP: 3/3
   145 | D:1      | Reached skill level 1 in Fighting
   145 | D:1      | Reached XP level 2. HP: 20/21 MP: 1/5
   399 | D:1      | Reached skill level 1 in Polearms
   669 | D:1      | Reached XP level 3. HP: 18/27 MP: 6/6
   678 | D:1      | Reached skill level 2 in Polearms
  1382 | D:1      | Reached XP level 4. HP: 18/34 MP: 7/7
  1599 | D:2      | Reached skill level 3 in Polearms
  1959 | D:2      | Noticed Robin
  2273 | D:1      | Killed Robin
  2497 | D:2      | Reached XP level 5. HP: 39/41 MP: 8/8
  2526 | D:2      | Reached skill level 4 in Polearms
  3192 | D:3      | Slain by a worker ant

Levels and vault maps discovered:
D:1:      sevenhm_arrival_forest_fort_small_4, layout_basic, serial_rivers,
          chequers_serial_rivers_micro_e, chequers_serial_rivers_room_b,
          chequers_serial_rivers_micro_b, chequers_serial_rivers_micro_c,
          chequers_serial_rivers_room_a, supply_closet_lemuel,
          nrook_loot_triangle, chequers_serial_rivers_micro_c
D:2:      layout_basic, first_ration, uniq_robin
D:3:      layout_basic, dk_yredelemnul_ordeal

Skill      XL: |  1  2  3  4  5 |
---------------+----------------+-----
Dodging        | 3 |  3.3
Fighting       | 1 2 3 |  3.5
Polearms       | 1 2 3 4 |  4.1
Stealth        | |  2.1
Spellcasting   | |  2.0
Necromancy     | |  3.2

Action                   |  1- 3 |  4- 6 || total
-------------------------+-------+-------++-------
Melee: Spear             |   109 |   192 ||   301
       Short sword       |     8 |       ||     8
       Tailslap          |     1 |       ||     1
 Cast: Pain              |     7 |     1 ||     8
  Use: Scroll            |     7 |     2 ||     9
       Potion            |     1 |     3 ||     4
 Stab: Sleeping          |     2 |       ||     2
       Distracted        |       |     1 ||     1
  Eat: Chunk             |     2 |     5 ||     7
Armor: Ring mail         |    42 |    53 ||    95
       Robe              |     1 |       ||     1
Dodge: Dodged            |    73 |    92 ||   165
